 Dungeon Crawl Stone Soup version 0.18-a0-1694-g9f731c2 (webtiles) character file.

300 Eucla the Ducker (level 6, 0/33 HPs)
             Began as a Spriggan Gladiator on Apr 5, 2016.
             Slain by a sky beast (6 damage)
             ... on level 5 of the Dungeon.
             The game lasted 00:04:59 (4983 turns).

Eucla the Ducker (Spriggan Gladiator)               Turns: 4983, Time: 00:04:59

Health: 0/33       AC:  2    Str: 13    XL:     6   Next: 13%
Magic:  7/7        EV: 21    Int:  9    God:
Gold:   281        SH:  0    Dex: 17    Spells: 0 memorised, 5 levels left

rFire  . . .     SeeInvis +     a - +0 trident
rCold  . . .     Gourm    .     b - +0 robe
rNeg   . . .     Faith    .     (shield currently unavailable)
rPois  .         Spirit   .     c - +0 hat
rElec  .         Dismiss  .     (no cloak)
rCorr  .         Reflect  .     (gloves unavailable)
SustAt .         Harm     .     (boots unavailable)
MR     +....                    (no amulet)
Stlth  ++........               (no ring)
                                (no ring)

@: very quick, somewhat resistant to hostile enchantments, unstealthy
A: unfitting armour, see invisible, herbivore 3, speed 3, slow metabolism 2
a: no special abilities


You were on level 5 of the Dungeon.
You were not hungry.

You visited 2 branches of the dungeon, and saw 6 of its levels.

You collected 281 gold pieces.

Inventory:

Hand Weapons
 a - a +0 trident (weapon)
Missiles
 d - 3 throwing nets (quivered)
Armour
 b - a +0 robe (worn)
 c - a +0 hat (worn)
Jewellery
 q - a +3 amulet of reflection {unknown}
Scrolls
 e - 6 scrolls of identify {unknown}
 g - 3 scrolls of blinking {unknown}
 j - 5 scrolls of remove curse {unknown}
 k - a scroll of recharging {unknown}
 l - 5 scrolls of enchant weapon {unknown}
 m - 2 scrolls of teleportation {unknown}
 r - a scroll of magic mapping {unknown}
 s - a scroll of enchant armour {unknown}
Potions
 h - 2 potions of curing
 i - a potion of invisibility {unknown}
 n - 2 potions of lignification {unknown}
 o - a potion of agility {unknown}
 p - 2 potions of flight {unknown}
 t - a potion of ambrosia {unknown}
 u - a potion of degeneration {unknown}
Comestibles
 f - 3 bread rations


   Skills:
 * Level 4.0 Fighting
 + Level 3.2 Polearms
 - Level 2.0 Throwing
 + Level 6.1 Dodging


You had 5 spell levels left.
You didn't know any spells.

Dungeon Overview and Level Annotations

Branches:
Dungeon (5/15)             Temple (1/1) D:5

Altars:
Ashenzari
Cheibriados
Dithmenos
Elyvilon
Fedhas
Gozag
Kikubaaqudgha
Makhleb
Nemelex Xobeh
Pakellas
Sif Muna
Vehumet
Yredelemnul
Zin
The Shining One


Innate Abilities, Weirdness & Mutations

You are tiny and cannot use many weapons and most armour.
You have supernaturally acute eyesight.
You are a herbivore.
You cover ground extremely quickly.
You need consume almost no food.


Message History

Attack whom?
Press: ? - help, Dir - move target cursor, f/p - sky beast
Aim: a sky beast (severely wounded, slightly transparent)
You reach to attack!
You closely miss the sky beast.
The sky beast is severely wounded.
The sky beast misses you.
Attack whom?
Press: ? - help, Dir - move target cursor, f/p - sky beast
Aim: a sky beast (severely wounded, slightly transparent)
You reach to attack!
You closely miss the sky beast.
The sky beast is severely wounded.
Attack whom?
Press: ? - help, Dir - move target cursor, f/p - sky beast
Aim: a sky beast (severely wounded, slightly transparent)
You reach to attack!
You barely miss the sky beast.
The sky beast is severely wounded.
The sky beast hits you.
* * * LOW HITPOINT WARNING * * *
The sky beast shocks you.
You die...

....PP.##.#
...P>...#.#
##..†P....#
#.....##.#
##.#.####.# .....#
#.#####
.########S#...#
............#.######
...#####........@Y.#
..#.# #.....######.#
.#.## ##..>## #.#
..## ##.## ###.###
.## #.# #.....# .#
#.# #.###.## .#
##+## #.# #..# .#
##...## #.###..# .#
##.....## #......#


You could see a sky beast.

Vanquished Creatures
  A scorpion (D:5)
  A hound (D:5)
  2 orc wizards (D:4)
  A worker ant zombie (D:5)
  6 adders
  A shadow imp (D:3)
  An ooze (D:3)
  2 worms (D:2)
  A dart slug (D:3)
  4 giant geckos
  12 orcs (D:4)
  3 ball pythons
  5 giant cockroaches
  3 goblins
  6 hobgoblins
  3 jackals (D:4)
  A quokka (D:4)
  7 bats
  4 giant newts
  5 kobolds
  A quokka skeleton (D:4)
  6 rats
76 creatures vanquished.

Notes
Turn   | Place    | Note
--------------------------------------------------------------
     0 | D:1      | Eucla the Spriggan Gladiator began the quest for the Orb.
     0 | D:1      | Reached XP level 1. HP: 10/10 MP: 2/2
   291 | D:1      | Reached XP level 2. HP: 15/15 MP: 3/3
   945 | D:2      | Reached XP level 3. HP: 18/18 MP: 4/4
  1180 | D:2      | Reached skill level 5 in Dodging
  1510 | D:3      | Found a shadowy altar of Dithmenos.
  1841 | D:3      | Reached XP level 4. HP: 22/23 MP: 5/5
  2041 | D:3      | Found a glowing golden altar of the Shining One.
  2708 | D:4      | HP: 1/24 [orc/mace (7)]
  2709 | D:4      | Reached XP level 5. HP: 1/28 MP: 6/6
  3944 | D:5      | Entered Level 5 of the Dungeon
  3985 | D:5      | Found a staircase to the Ecumenical Temple.
  4042 | Temple   | Entered the Ecumenical Temple
  4313 | D:5      | Found an ancient bone altar of Kikubaaqudgha.
  4360 | D:5      | Found a basalt altar of Yredelemnul.
  4427 | D:5      | Reached skill level 6 in Dodging
  4427 | D:5      | Reached XP level 6. HP: 20/33 MP: 7/7
  4895 | D:5      | Noticed a sky beast
  4983 | D:5      | Slain by a sky beast

Vault maps used:
D:1:      nicolae_arrival_washed_ashore
D:3:      tso_metal_star, grunt_dithmenos_smoke
D:5:      kennysheep_mini_moat, kennysheep_little_box,
          minmay_temple_entry_overgrown, first_bread, uniq_eustachio
Temple:   dpeg_five_rooms_temple_12

Skill      XL: |  1  2  3  4  5  6 |
---------------+-------------------+-----
Fighting       | 2 3 4 |  4.0
Dodging        | 5 6 |  6.1
Polearms       | 3 |  3.2
Throwing       | |  2.0

Action                   |  1- 3 |  4- 6 || total
-------------------------+-------+-------++-------
Melee: Trident           |   144 |   251 ||   395
  Use: Potion            |       |     1 ||     1
 Stab: Sleeping          |     9 |     3 ||    12
       Distracted        |       |     1 ||     1
  Eat: Bread ration      |       |     1 ||     1
